Map: King's Cove LE

Players

Woah

  • Race: Terran Terran
  • Spawn Location: 5:00

illidan - Winner!

  • Race: Zerg Zerg
  • League: Platinum
  • Spawn Location: 11:00

VOD

Have the link to the VOD?

Description

Time

  • Played on: June 11, 2019, 3:06 p.m.
  • Length: 12:46
Show
View Real Time Build Order
Export as new Build Order

Woah Terran 

Build Orders:  

Get SALT Encoding   

  12  0:01  SCV  
  13  0:13  SCV  
  14  0:18  Supply Depot  
  14  0:27  SCV  
  15  0:40  SCV  
  15  0:42  Barracks  
  16  0:56  Barracks  
  16  1:03  Refinery  
  16  1:06  SCV  
  17  1:14  Refinery  
  17  1:28  Barracks  
  18  1:39  Supply Depot  
  17  1:46  Reaper  
  18  1:57  Reaper  
  19  2:09  Orbital Command  
  19  2:15  Reaper  
  20  2:35  SCV  
  21  2:39  Reaper x2  
  23  2:49  Supply Depot  
  23  3:04  Reaper  
  24  3:08  Engineering Bay  
  24  3:11  Reaper  
  25  3:32  Reaper  
  26  3:56  Reaper x2  
  27  4:08  Terran Infantry Weapons Level 1  
  26  4:10  Command Center  
  25  4:22  Reaper  
  25  4:28  Reaper  
  26  4:37  Barracks Reactor  
  21  5:00  Bunker, Barracks Reactor  
  21  5:01  Barracks Reactor  
  21  5:14  SCV  
  22  5:23  Orbital Command  
  22  5:26  SCV, Marine  
  22  5:27  Marine  
  25  5:38  SCV  
  23  5:50  SCV, Marine x4  
  23  5:51  Marine  
  28  6:11  Factory  
  24  6:36  Marine x3  
  24  6:38  Marine x2  
  28  6:41  SCV  
  29  6:54  Engineering Bay  
  26  7:10  Hellion x2  
  30  7:24  SCV  
  30  7:26  Terran Infantry Armor Level 1  
  31  7:31  Widow Mine  
  31  7:36  SCV  
  34  7:40  Bunker  
  34  7:51  SCV  
  35  8:03  SCV  
  36  8:07  Orbital Command  
  36  8:15  SCV  
  33  8:20  Hellion x2  
  33  8:21  Barracks Tech Lab  
  33  8:26  Command Center  
  37  8:41  Marauder, Marine x2  
  40  8:58  Orbital Command  
  40  9:02  Marine  
  46  9:03  SCV  
  44  9:13  Barracks Reactor  
  44  9:15  SCV  
  43  9:33  Barracks x2  
  43  9:36  Supply Depot  
  43  9:40  SCV x2  
  43  9:45  Orbital Command  
  45  9:51  Supply Depot  
  45  9:52  SCV x2, Supply Depot  
  47  9:55  Factory Reactor  
  47  10:03  Marine x4  
  47  10:04  SCV x2  
  53  10:13  Orbital Command  
  41  10:24  Marine x3  
  30  11:13  Barracks  
  30  11:14  Supply Depot  
  30  11:15  Command Center  
  34  11:18  Widow Mine x2  
  34  11:21  Marine  
  34  11:22  Marauder, Marine x3  
  40  11:29  Orbital Command  
  40  11:39  Starport, Marine x3  
  41  11:40  Marine  
  41  11:42  Marine  
  38  11:55  Widow Mine x2  
  38  11:57  Marine  
  38  11:58  SCV  
  38  11:59  SCV  
  45  12:11  SCV  
  45  12:12  Supply Depot  
Show
View Real Time Build Order
Export as new Build Order

illidan Zerg - Winner!

Build Orders: Hatch First 

Get SALT Encoding   

  12  0:01  Drone  
  13  0:08  Drone  
  14  0:18  Overlord  
  14  0:36  Drone  
  14  0:37  Drone x2  
  17  0:48  Drone  
  18  0:59  Hatchery  
  18  1:00  Drone  
  18  1:10  Drone  
  19  1:19  Spawning Pool  
  19  1:21  Drone  
  19  1:25  Extractor  
  18  1:31  Drone  
  19  1:42  Drone  
  20  1:52  Drone  
  21  2:04  Drone  
  22  2:10  Queen  
  22  2:11  Queen  
  22  2:13  Overlord  
  22  2:14  Drone  
  27  2:19  Baneling Nest  
  27  2:22  Drone  
  27  2:25  Drone  
  28  2:34  Drone  
  29  2:38  Drone  
  30  2:44  Drone  
  31  2:51  Zergling x2  
  31  2:52  Metabolic Boost  
  32  3:02  Zergling x4  
  34  3:08  Drone x2  
  36  3:30  Overlord x2  
  36  3:45  Zergling x2  
  36  3:54  Zergling x4  
  36  3:55  Zergling x4  
  36  3:58  Zergling x2  
  36  4:01  Zergling x4  
  36  4:02  Zergling x2  
  41  4:06  Zergling x2  
  41  4:07  Zergling x2  
  40  4:15  Zergling x2  
  38  4:18  Drone  
  39  4:25  Drone  
  39  4:30  Drone  
  41  4:38  Drone  
  41  4:39  Drone  
  41  4:44  Drone  
  44  4:49  Drone  
  45  4:56  Drone  
  45  4:58  Baneling x4  
  45  4:59  Drone  
  47  5:00  Queen  
  47  5:02  Lair  
  47  5:06  Extractor  
  48  5:11  Drone x2  
  50  5:16  Zergling x2  
  50  5:21  Drone  
  52  5:22  Hatchery  
  52  5:24  Extractor  
  52  5:26  Extractor  
  49  5:38  Drone x2  
  49  5:39  Drone  
  50  5:54  Zergling x4  
  52  6:03  Overlord x2  
  52  6:08  Centrifical Hooks  
  52  6:12  Baneling x4  
  52  6:17  Overlord x3  
  52  6:22  Drone  
  52  6:23  Queen  
  54  6:38  Baneling x4  
  54  6:39  Zergling x4  
  56  6:44  Zergling x4  
  56  6:46  Drone  
  56  6:47  Drone x2  
  61  6:49  Overseer  
  61  6:53  Zergling x4  
  63  7:14  Drone x3  
  66  7:17  Drone x2  
  66  7:18  Drone x2, Spire  
  69  7:23  Zergling x2  
  69  7:24  Zergling x2  
  71  7:36  Drone x3  
  74  7:41  Spore Crawler  
  73  7:45  Spore Crawler  
  72  7:52  Spore Crawler  
  72  7:53  Drone x5  
  75  8:02  Drone x2  
  77  8:12  Zergling x4  
  78  8:19  Zergling x2  
  76  8:20  Zergling x4  
  76  8:23  Drone  
  76  8:24  Drone x2  
  81  8:29  Zergling x4  
  81  8:31  Baneling x2  
  83  8:42  Drone x2  
  85  8:55  Zergling x4  
  85  9:06  Corruptor x2  
  85  9:07  Corruptor x4  
  97  9:12  Zergling x2  
  97  9:14  Infestation Pit  
  97  9:15  Drone  
  98  9:20  Extractor  
  98  9:23  Extractor  
  96  9:26  Drone  
  96  9:27  Drone  
  96  9:28  Zerg Flyer Weapons Level 1  
  98  9:32  Drone, Spire  
  98  9:37  Baneling x3  
  98  9:49  Overlord x2, Baneling  
  98  9:50  Overlord x5, Hatchery  
  98  9:52  Drone  
  98  10:00  Overlord  
  98  10:10  Hatchery  
  91  10:15  Zergling x6  
  91  10:20  Zergling x4  
  92  10:23  Zergling x6  
  92  10:24  Zergling x2  
  96  10:36  Zergling x4  
  96  10:38  Baneling x2  
  96  10:39  Baneling  
  96  10:40  Zergling x2  
  99  10:47  Zergling x4  
  101  10:51  Zergling x2  
  100  10:59  Zergling x4  
  100  11:00  Corruptor  
  104  11:06  Drone x4  
  108  11:14  Baneling x5  
  108  11:15  Drone  
  109  11:20  Hive  
  109  11:23  Zergling x4  
  109  11:24  Zergling x2  
  109  11:25  Corruptor  
  112  11:31  Corruptor x2  
  112  11:32  Corruptor  
  120  11:33  Zergling x4  
  120  11:37  Baneling x2  
  120  11:38  Baneling x3, Zergling x2  
  120  11:39  Zergling x2  
  124  11:45  Hatchery  
  121  12:03  Corruptor x6  
  121  12:04  Corruptor  
  135  12:09  Drone x3  
  138  12:32  Drone x2  
  138  12:33  Drone  
Tags
 
League
Platinum
Matchup
TvZ
Replay Pack
r1
Spawn Locations
Cross Positions
Add a new tag
Caveats
  • Supply blocks, unpowered buildings, or Contaminate may cause inaccurate times.
  • Supply counts are checked every 10 seconds.